[Event "Titled Tuesday Blitz June 20 Late 2023"]
[White "Levine, David"]
[Black "Miszler, Levente"]
[WhiteFideId "2011611"]
[BlackFideId "763276"]
[WhiteElo "2126"]
[BlackElo "2176"]
[Result "0-1"]
[Round "2"]
[TimeControl "180+2"]
[Date "2023.06.20"]
[WhiteClock "0:01:14"]
[BlackClock "0:01:39"]
[Board "184"]

1. d4 f5 2. g3 Nf6 3. Bg2 c5 4. d5 g6 5. c4 Bg7 6. Nc3 O-O 7. Nf3 d6 8. O-O e5 9. dxe6 Bxe6 10. b3 Nc6 11. Ng5 Bc8 12. Bb2 h6 13. Nf3 Ne4 14. Qc1 Nd4 15. Nxd4 Nxc3 16. Bxc3 cxd4 17. Bb2 Qb6 18. Qd2 Re8 19. Rfd1 Bd7 20. Bxd4 Bxd4 21. Qxd4 Rxe2 22. Qxd6 Qxf2+ 0-1


[Site "https://www.chess.com"]

[Event "Titled Tuesday Blitz June 20 Late 2023"]
[White "Ricaurte Lopez, Juan Carlos"]
[Black "Quiroga Jaquez, Angel Ivan"]
[WhiteFideId "3600327"]
[BlackFideId "5117801"]
[WhiteElo "2200"]
[BlackElo "2011"]
[Result "0-1"]
[Round "2"]
[TimeControl "180+2"]
[Date "2023.06.20"]
[WhiteClock "0:00:00"]
[BlackClock "0:01:51"]
[Board "185"]

1. e4 e5 2. d4 exd4 3. c3 d3 4. Bxd3 Nc6 5. f4 d6 6. Nf3 g6 7. O-O Bg7 8. a4 Nge7 9. Na3 O-O 10. Kh1 f5 11. Ng5 Qe8 12. exf5 Bxf5 13. Re1 Qd7 14. Bc4+ d5 15. Ba2 h6 16. Nf3 Kh7 17. Nb5 Rad8 18. Nbd4 Be4 19. Nxc6 Nxc6 20. Be3 Kh8 21. Nd4 Qh3 22. Qd2 Nxd4 23. Bxd4 Qf5 24. Bxg7+ Kxg7 25. Rf1 c6 26. Kg1 Kh7 27. Rad1 Rfe8 28. c4 d4 29. b4 b6 30. h3 h5 31. Qf2 c5 32. b5 Qf6 33. Rd2 d3 34. Rfd1 Bf5 35. Bb1 Qc3 36. Qf3 Qxc4 37. g4 Qd4+ 0-1


[Site "https://www.chess.com"]

[Event "Titled Tuesday Blitz June 20 Late 2023"]
[White "FuenfgegenWilly"]
[Black "Calderin Gonzalez, Roberto"]
[BlackFideId "5102979"]
[WhiteElo "2419"]
[BlackElo "2116"]
[Result "1-0"]
[Round "2"]
[TimeControl "180+2"]
[Date "2023.06.20"]
[WhiteClock "0:02:22"]
[BlackClock "0:00:15"]
[Board "186"]

1. d4 d5 2. c4 e6 3. Nc3 Nf6 4. cxd5 Nxd5 5. e4 Nf6 6. Bg5 Be7 7. f4 O-O 8. Nf3 h6 9. Bxf6 Bxf6 10. e5 Be7 11. Bd3 Nc6 12. a3 Kh8 13. Bc2 b6 14. h4 Ba6 15. b4 Bb7 16. h5 Nxb4 17. axb4 Bxb4 18. Qd3 Bxc3+ 19. Kf2 g6 20. hxg6 Bxa1 21. g7+ Kxg7 22. Qh7# 1-0


[Site "https://www.chess.com"]

[Event "Titled Tuesday Blitz June 20 Late 2023"]
[White "Kovalevsky, Stanislav"]
[Black "Schain, Randolph"]
[WhiteFideId "13508598"]
[BlackFideId "2003139"]
[WhiteElo "2112"]
[BlackElo "2123"]
[Result "1-0"]
[Round "2"]
[TimeControl "180+2"]
[Date "2023.06.20"]
[WhiteClock "0:01:09"]
[BlackClock "0:00:00"]
[Board "187"]

1. c4 Nf6 2. Nc3 g6 3. g3 Bg7 4. Bg2 d6 5. e4 O-O 6. Nge2 c5 7. O-O Nc6 8. a3 Be6 9. d3 Qd7 10. Nf4 Bg4 11. f3 Be6 12. Rb1 a5 13. Bd2 Nd4 14. b4 axb4 15. axb4 b6 16. Nxe6 fxe6 17. e5 Nh5 18. f4 Ra3 19. bxc5 dxe5 20. cxb6 exf4 21. g4 f3 22. b7 Rb8 23. Bxf3 Nxf3+ 24. Qxf3 Nf6 25. Bf4 Qd4+ 26. Kh1 e5 27. Nb5 Qxd3 28. Nxa3 Qxf3+ 29. Rxf3 exf4 30. Rxf4 Nd7 31. Re4 Kf7 32. Nb5 Nc5 33. Re2 Rxb7 34. Nd6+ exd6 35. Rxb7+ Nxb7 36. Ra2 Nc5 37. Ra7+ Kf8 38. Kg1 Bd4+ 39. Kg2 h5 40. gxh5 gxh5 41. Kf3 Bg1 42. h3 Ne6 43. Rd7 Bc5 44. h4 Ng7 45. Ke4 Bb4 46. Rb7 Bc5 47. Kf4 Ba3 48. Kg5 Bc5 49. Kg6 1-0


[Site "https://www.chess.com"]

[Event "Titled Tuesday Blitz June 20 Late 2023"]
[White "Torres Dominguez, David"]
[Black "Ladan, Nicholas"]
[WhiteFideId "2220857"]
[BlackFideId "30918855"]
[WhiteElo "1999"]
[BlackElo "2167"]
[Result "1-0"]
[Round "2"]
[TimeControl "180+2"]
[Date "2023.06.20"]
[WhiteClock "0:00:20"]
[BlackClock "0:00:02"]
[Board "188"]

1. e4 e5 2. Bc4 Nf6 3. Nc3 Nc6 4. d3 Bc5 5. f4 O-O 6. Nf3 d6 7. Na4 Bg4 8. Nxc5 dxc5 9. O-O exf4 10. Bxf4 Nd4 11. c3 Nxf3+ 12. gxf3 Bh3 13. Rf2 Nh5 14. Be3 Qd6 15. f4 Qg6+ 16. Kh1 b6 17. f5 Qg4 18. Qxg4 Bxg4 19. Rg1 Nf6 20. e5 g6 21. exf6 Bh5 22. h4 Rfe8 23. Rg3 Rad8 24. a4 Re5 25. Kh2 Rde8 26. Bf4 Re1 27. fxg6 hxg6 28. Rg1 Rxg1 29. Kxg1 Re1+ 30. Rf1 Re2 31. Rf2 Re1+ 32. Kg2 Ra1 33. Bb3 c6 34. Bh6 b5 35. axb5 cxb5 36. Rf1 Ra6 37. Bg7 c4 38. Re1 Re6 39. Rxe6 fxe6 40. dxc4 bxc4 41. Bxc4 Kf7 42. Kg3 Bd1 43. Kf4 Ba4 44. Ke5 Bc6 45. Bxe6+ Ke8 46. f7+ Kd8 47. f8=Q+ Kc7 48. Qd6+ Kb7 49. Bc8+ Kb6 50. Bd7 g5 51. Qxc6+ Ka5 52. Qc5+ Ka6 53. Qb5# 1-0


[Site "https://www.chess.com"]

[Event "Titled Tuesday Blitz June 20 Late 2023"]
[White "Sanchez, Robert"]
[Black "i_like_explosions"]
[WhiteFideId "2034360"]
[WhiteElo "2052"]
[BlackElo "2414"]
[Result "1-0"]
[Round "2"]
[TimeControl "180+2"]
[Date "2023.06.20"]
[WhiteClock "0:00:15"]
[BlackClock "0:00:25"]
[Board "189"]

1. Nf3 Nf6 2. e3 g6 3. c4 Bg7 4. Nc3 d6 5. d4 O-O 6. Be2 c5 7. O-O cxd4 8. exd4 Bf5 9. h3 a6 10. Qb3 Qc7 11. Bg5 h6 12. Bxf6 Bxf6 13. Nd5 Qc6 14. Rac1 Nd7 15. Nxf6+ Nxf6 16. Nh4 Bd7 17. Bf3 Qc7 18. g4 g5 19. Ng2 Rab8 20. Rfe1 e6 21. Qc3 Qd8 22. Qe3 Kg7 23. h4 gxh4 24. g5 hxg5 25. Qxg5+ Kh8 26. Be4 Nxe4 27. Qh6+ Kg8 28. Rxe4 f5 29. Rxh4 Qe7 30. Rh5 Kf7 31. Nf4 Qf6 32. Qh7+ Qg7+ 33. Qxg7+ Kxg7 34. Rc3 Rh8 35. Rg3+ Kf6 36. Rg6+ Kf7 37. Rhg5 Rbg8 38. Kf1 Rxg6 39. Rxg6 Rh1+ 40. Kg2 Rc1 41. b3 Rc2 42. a4 Rb2 43. Rg3 Kf6 44. Nh5+ Kf7 45. Rg7+ Ke8 46. Nf6+ Kd8 47. Rxd7+ Kc8 48. Rxd6 Rxb3 49. Rxe6 Rb4 50. Re8+ Kc7 51. Nd5+ Kd7 52. Nxb4 Kxe8 53. Kf3 Kd7 54. Kf4 Ke6 55. Nd3 1-0


[Site "https://www.chess.com"]

[Event "Titled Tuesday Blitz June 20 Late 2023"]
[White "Chabris, Christopher"]
[Black "dorpato"]
[WhiteFideId "2005263"]
[WhiteElo "2414"]
[BlackElo "2051"]
[Result "1-0"]
[Round "2"]
[TimeControl "180+2"]
[Date "2023.06.20"]
[WhiteClock "0:00:38"]
[BlackClock "0:00:00"]
[Board "190"]

1. e4 c5 2. Nf3 g6 3. c3 Bg7 4. d4 cxd4 5. cxd4 d6 6. Nc3 Nf6 7. h3 O-O 8. Be3 Nc6 9. Rc1 b6 10. Bd3 Bb7 11. O-O Rc8 12. Qd2 Nd7 13. Bh6 e5 14. d5 Ne7 15. g4 Nc5 16. Bb1 Qd7 17. Kh2 f5 18. gxf5 gxf5 19. Rg1 Rf7 20. Qg5 Ng6 21. exf5 Nf4 22. Qh4 1-0


[Site "https://www.chess.com"]

[Event "Titled Tuesday Blitz June 20 Late 2023"]
[White "White, John S."]
[Black "Spaqi, Wilson"]
[WhiteFideId "2502348"]
[BlackFideId "2053888"]
[WhiteElo "2012"]
[BlackElo "2414"]
[Result "0-1"]
[Round "2"]
[TimeControl "180+2"]
[Date "2023.06.20"]
[WhiteClock "0:00:00"]
[BlackClock "0:01:00"]
[Board "191"]

1. e4 c6 2. d3 d5 3. Nd2 Nf6 4. Ngf3 Bg4 5. g3 Nbd7 6. Bg2 e5 7. O-O Bd6 8. Re1 O-O 9. h3 Bxf3 10. Qxf3 Re8 11. b3 a5 12. Bb2 a4 13. c4 dxe4 14. Nxe4 Nxe4 15. dxe4 Qe7 16. Red1 Nf8 17. Qc3 f6 18. a3 axb3 19. Qxb3 Ne6 20. Rd2 Bc5 21. Rad1 Bd4 22. Bxd4 Nxd4 23. Qb4 Rxa3 24. Rb2 Qxb4 25. Rxb4 Re7 26. Rdb1 b5 27. cxb5 Nxb5 28. Bf1 Nd4 29. Bc4+ Kf8 30. Rb8+ Re8 31. Rxe8+ Kxe8 32. Rb8+ Ke7 33. Rb7+ Kd6 34. Rxg7 Rc3 35. Bf7 h6 36. Rg6 Ke7 37. Ba2 Rc2 38. Bg8 Kf8 39. Rg4 c5 40. Bh7 c4 0-1


[Site "https://www.chess.com"]

[Event "Titled Tuesday Blitz June 20 Late 2023"]
[White "Sainz Aguirre, Ignacio"]
[Black "Sokolov, Andrei"]
[WhiteFideId "5101727"]
[BlackFideId "11600306"]
[WhiteElo "1889"]
[BlackElo "2473"]
[Result "0-1"]
[Round "2"]
[TimeControl "180+2"]
[Date "2023.06.20"]
[WhiteClock "0:00:00"]
[BlackClock "0:00:17"]
[Board "192"]

1. e4 c6 2. d4 d5 3. e5 Bf5 4. Be3 e6 5. Nd2 c5 6. dxc5 Nd7 7. b4 Nxe5 8. Ngf3 Nxf3+ 9. Nxf3 a6 10. Bd3 Bxd3 11. Qxd3 Be7 12. O-O Bf6 13. Rac1 Ne7 14. c4 O-O 15. cxd5 Qxd5 16. Qxd5 Nxd5 17. Bd2 Rfc8 18. a3 a5 19. Rb1 axb4 20. axb4 Ra2 21. Bg5 Bxg5 22. Nxg5 Ra4 23. Ne4 Rxb4 24. Rxb4 Nxb4 25. Rb1 Nd3 26. Rxb7 h6 27. Kf1 Nxc5 28. Nxc5 Rxc5 29. h4 Rc2 30. g3 g6 31. Kg2 Kg7 32. Kf3 Kf6 33. Ke3 Rc3+ 34. Ke2 Rc2+ 35. Kf3 g5 36. hxg5+ hxg5 37. Ke3 Kg6 38. Kf3 f5 39. Ke3 Kf6 40. Rb8 Ke5 41. Rb5+ Kf6 42. Rb8 Rc3+ 43. Ke2 Ra3 44. Rf8+ Ke5 45. Rb8 f4 46. gxf4+ Kxf4 47. Rf8+ Ke4 48. Rb8 Ra2+ 49. Kf1 Kf3 50. Rb3+ Kg4 51. Kg2 e5 52. Re3 Kf4 53. Rb3 e4 0-1


[Site "https://www.chess.com"]

[Event "Titled Tuesday Blitz June 20 Late 2023"]
[White "Dmitriev, Sergey"]
[Black "Sivakumar, Shaaketh"]
[WhiteFideId "14101785"]
[BlackFideId "30940176"]
[WhiteElo "2132"]
[BlackElo "2174"]
[Result "1/2-1/2"]
[Round "2"]
[TimeControl "180+2"]
[Date "2023.06.20"]
[WhiteClock "0:00:14"]
[BlackClock "0:00:20"]
[Board "193"]

1. d4 d5 2. Bf4 Nf6 3. Nf3 c5 4. e3 e6 5. c3 Bd6 6. Bg3 O-O 7. Nbd2 Qc7 8. Be2 Nbd7 9. O-O e5 10. dxe5 Nxe5 11. Nxe5 Bxe5 12. Nf3 Bxg3 13. hxg3 b6 14. Bd3 Bb7 15. Nh2 Ne4 16. Bxe4 dxe4 17. Qh5 Rad8 18. Rad1 Ba6 19. Rxd8 Rxd8 20. Rd1 g6 21. Qg4 f5 22. Rxd8+ Qxd8 23. Qf4 Qd1+ 24. Nf1 Qxf1+ 25. Kh2 Qc4 26. Qb8+ Kg7 27. Qxa7+ Kh6 28. Qxb6 Bc8 29. Qc7 Be6 30. Qf4+ g5 31. Qe5 Kg6 32. Qh8 Qd5 33. Qe8+ Bf7 34. Qb8 h5 35. Qb6+ Kg7 36. Qb8 Qe6 37. Qc7 Kf6 38. Qxc5 Qxa2 39. Qd6+ Qe6 40. Qd4+ Kg6 41. b4 Qf6 42. Qc5 h4 43. b5 hxg3+ 44. fxg3 f4 45. exf4 gxf4 46. b6 fxg3+ 47. Kxg3 Qd8 48. Qc6+ Kg7 49. Qxe4 Qd6+ 50. Qf4 Qxb6 51. Qg4+ Kf8 52. Qb4+ Qxb4 53. cxb4 Bc4 54. b5 Bf1 55. Kf4 Bxg2 56. Ke5 Bb7 57. Kd6 Ke8 58. Kc7 Bh1 59. b6 Bg2 60. b7 Bxb7 1/2-1/2


[Site "https://www.chess.com"]

[Event "Titled Tuesday Blitz June 20 Late 2023"]
[White "Luo, Terry"]
[Black "Burke, Paul"]
[WhiteFideId "30931045"]
[BlackFideId "2605767"]
[WhiteElo "2265"]
[BlackElo "1915"]
[Result "1-0"]
[Round "2"]
[TimeControl "180+2"]
[Date "2023.06.20"]
[WhiteClock "0:01:28"]
[BlackClock "0:00:00"]
[Board "194"]

1. e4 e5 2. Nf3 Nc6 3. Bc4 Be7 4. O-O Nf6 5. d3 O-O 6. c3 d6 7. h3 Be6 8. Nbd2 d5 9. Bb3 dxe4 10. dxe4 Bxb3 11. axb3 h6 12. Qe2 Bd6 13. b4 a6 14. Nc4 Qe7 15. Rd1 Rad8 16. Bd2 Nh5 17. Be3 Nf4 18. Bxf4 exf4 19. e5 Rfe8 20. Re1 f6 21. e6 Ne5 22. Ncxe5 fxe5 23. b5 axb5 24. Qxb5 Qxe6 25. Qxb7 Rb8 26. Qe4 Rxb2 27. Rab1 Reb8 28. Rxb2 Rxb2 29. Nxe5 Bxe5 30. Qxe5 Qxe5 31. Rxe5 Rb7 32. Rf5 g5 33. Rc5 Kg7 34. Kf1 Rb1+ 35. Ke2 Rb2+ 36. Kf3 Rb7 37. Kg4 Kg6 38. Rc6+ Kg7 39. h4 gxh4 40. Kxf4 Ra7 41. Kg4 Ra4+ 42. c4 1-0


[Site "https://www.chess.com"]

[Event "Titled Tuesday Blitz June 20 Late 2023"]
[White "Gyulamiryan-koryun"]
[Black "Omariev, Maksim"]
[BlackFideId "4193423"]
[WhiteElo "1884"]
[BlackElo "2403"]
[Result "0-1"]
[Round "2"]
[TimeControl "180+2"]
[Date "2023.06.20"]
[WhiteClock "0:00:09"]
[BlackClock "0:00:15"]
[Board "195"]

1. e4 c5 2. Nf3 d6 3. d4 cxd4 4. Nxd4 Nf6 5. Nc3 a6 6. Be3 Ng4 7. Bc1 Nf6 8. f3 e6 9. Be3 b5 10. a3 Nbd7 11. Qd2 Bb7 12. O-O-O Be7 13. g4 Nb6 14. h4 Nfd7 15. Qf2 Ne5 16. Nxe6 fxe6 17. Bxb6 Qc8 18. Bg2 O-O 19. Qe3 Nc4 20. Qg1 Nxa3 21. Qd4 Nc4 22. g5 Qc6 23. Ba7 Rfc8 24. Rd3 b4 25. Nb1 Ne3 26. c3 Nxg2 27. Rg1 Nf4 28. Re3 e5 29. Qb6 Qd7 30. Rd1 bxc3 31. Rxc3 Bc6 32. Qb3+ Kh8 33. Be3 Ne2+ 34. Kd2 Nxc3 35. Nxc3 Rab8 36. Qa2 Qb7 37. Rb1 Bd8 38. Nd5 Bxd5 39. Qxd5 Qxd5+ 40. exd5 Bb6 41. f4 Bxe3+ 42. Kxe3 Rb3+ 43. Ke4 Rb4+ 44. Kf5 Rxf4+ 45. Ke6 e4 46. h5 e3 47. Kxd6 e2 48. Re1 Re8 49. g6 Rf1 50. Rxe2 Rxe2 51. gxh7 Rd1 52. Kc6 Rxb2 53. d6 Rc2+ 54. Kb6 Rcd2 55. Kxa6 Rxd6+ 56. Kb5 Rh6 57. Kc4 Kxh7 58. Kc3 Rg1 59. Kd3 Rg5 60. Ke4 Rhxh5 61. Kf4 Kg6 62. Kf3 Kf6 63. Kf4 Rh4+ 64. Kf3 Ra4 0-1


[Site "https://www.chess.com"]

[Event "Titled Tuesday Blitz June 20 Late 2023"]
[White "Carlsen, Magnus"]
[Black "Riehle, Marco"]
[WhiteFideId "1503014"]
[BlackFideId "12904392"]
[WhiteElo "2858"]
[BlackElo "2462"]
[Result "1/2-1/2"]
[Round "3"]
[TimeControl "180+2"]
[Date "2023.06.20"]
[WhiteClock "0:00:59"]
[BlackClock "0:00:12"]
[Board "1"]

1. e4 e5 2. f4 exf4 3. Nc3 Ne7 4. d4 d5 5. Bxf4 dxe4 6. Nxe4 Nd5 7. Bg3 Nc6 8. c3 f5 9. Nd2 Bd6 10. Qh5+ g6 11. Qf3 Bxg3+ 12. hxg3 Be6 13. Bc4 Qd7 14. O-O-O O-O-O 15. Nh3 Nb6 16. Bb3 Bxb3 17. axb3 a6 18. Nf4 Kb8 19. Nc4 Nxc4 20. bxc4 Na5 21. c5 Qa4 22. Kb1 Qb3 23. Rhe1 Nc4 24. Qf2 Rhe8 25. d5 Na3+ 26. Kc1 Qa2 27. Rxe8 Rxe8 28. Ne6 Qb1+ 29. Kd2 Qxb2+ 30. Ke1 Qxc3+ 31. Kf1 Nc4 32. Qf4 Ne3+ 33. Kg1 Nxd1 34. Qxc7+ Ka8 35. c6 Qe3+ 36. Kh2 Qh6+ 37. Kg1 Qe3+ 38. Kh2 Rb8 39. Qg7 Nf2 40. c7 Rc8 41. d6 Ng4+ 42. Kh3 Qxe6 43. d7 Nf2+ 44. Kh2 Ng4+ 45. Kh3 Nf2+ 46. Kh2 Ng4+ 47. Kh3 1/2-1/2


[Site "https://www.chess.com"]

[Event "Titled Tuesday Blitz June 20 Late 2023"]
[White "Oro, Faustino"]
[Black "Nakamura, Hikaru"]
[WhiteFideId "20000197"]
[BlackFideId "2016192"]
[WhiteElo "1984"]
[BlackElo "2874"]
[Result "0-1"]
[Round "3"]
[TimeControl "180+2"]
[Date "2023.06.20"]
[WhiteClock "0:00:13"]
[BlackClock "0:01:00"]
[Board "2"]

1. e4 g6 2. d4 Bg7 3. Nc3 a6 4. f4 b5 5. Nf3 d6 6. Bd3 Nd7 7. O-O c5 8. dxc5 Nxc5 9. Be3 Bb7 10. Bxc5 Bxc3 11. Ba3 Bg7 12. c3 Nf6 13. Qe2 O-O 14. Rad1 Qb6+ 15. Kh1 Rad8 16. Rde1 Rfe8 17. f5 e5 18. fxe6 Rxe6 19. Nd4 Ree8 20. Qf2 Rd7 21. Qf4 Nh5 22. Qf3 Bxd4 23. cxd4 b4 24. Bc4 d5 25. exd5 Rxe1 26. Rxe1 bxa3 27. Re8+ Kg7 28. Qxa3 Qd6 29. Qc5 Nf6 30. Re5 Bxd5 31. Bxd5 Nxd5 32. h3 Nf4 33. Re4 Ne6 34. Qe5+ Qxe5 35. dxe5 Rd1+ 36. Kh2 Rd2 37. Ra4 Rxb2 38. Rxa6 Rb5 39. a4 Rxe5 40. a5 Rb5 41. Ra7 h5 42. a6 Ra5 43. Ra8 Nc7 44. Rc8 Nxa6 45. Ra8 Ra2 0-1


[Site "https://www.chess.com"]

[Event "Titled Tuesday Blitz June 20 Late 2023"]
[White "Darini, Pouria"]
[Black "Martinez Alcantara, Jose Eduardo"]
[WhiteFideId "12502200"]
[BlackFideId "3805662"]
[WhiteElo "2482"]
[BlackElo "2711"]
[Result "0-1"]
[Round "3"]
[TimeControl "180+2"]
[Date "2023.06.20"]
[WhiteClock "0:00:05"]
[BlackClock "0:00:07"]
[Board "3"]

1. e4 c5 2. Nf3 d6 3. d4 cxd4 4. Nxd4 a6 5. Nc3 e6 6. h4 b5 7. a4 b4 8. Na2 Bb7 9. Bd3 Nf6 10. Qe2 Be7 11. h5 O-O 12. Bd2 Qb6 13. Nb3 a5 14. h6 g6 15. f3 Nc6 16. Be3 Qd8 17. O-O-O Rc8 18. Kb1 Qc7 19. Nac1 Ne5 20. Bb5 d5 21. exd5 Nxd5 22. Bd4 Nc6 23. Bg7 Rfd8 24. Nd3 Nf6 25. Ndc5 Rxd1+ 26. Rxd1 Nd8 27. Rxd8+ Bxd8 28. Nxb7 Qxb7 29. Ba6 Qa8 30. Bxc8 Qxc8 31. Qb5 Qa8 32. Nd4 e5 33. Nc6 Nh5 34. Bxe5 Bg5 35. g4 Nf4 36. Bxf4 Bxf4 37. Qd5 Qe8 38. Ka2 Bxh6 39. Nxa5 Qxa4+ 40. Kb1 Qe8 41. Nc6 Bf4 42. Ka2 Qa8+ 43. Kb3 Qe8 44. Kxb4 Qe1+ 45. c3 Qe2 46. Qd8+ Kg7 47. Qd4+ f6 48. Qxf4 Qxb2+ 49. Kc4 Qa2+ 50. Kc5 Qa3+ 51. Qb4 Qc1 52. Qb7+ Kh6 53. Qb4 Qe3+ 54. Nd4 Kg5 55. c4 h5 56. Kd5 Qe5+ 57. Kc6 Qxd4 58. gxh5 gxh5 59. Qb5+ Qe5 60. c5 h4 61. Qf1 Kf4 62. Kb6 Qe3 63. Kb5 Qb3+ 64. Ka6 Qa3+ 65. Kb6 Qb3+ 66. Kc7 Qxf3 67. Qc1+ Kg4 68. c6 h3 69. Kb7 h2 70. Qh6 h1=Q 71. Qg6+ Kh3 72. Qh6+ Kg2 73. Qd2+ Qf2 74. Qd5+ Kg1 75. Qd1+ Qf1 76. Qg4+ Qhg2 77. Qd4+ Kh2 78. Qd6+ Qg3 79. Qd7 Qb5+ 80. Ka7 Qgb8# 0-1


[Site "https://www.chess.com"]

[Event "Titled Tuesday Blitz June 20 Late 2023"]
[White "Paravyan, David"]
[Black "Daggupati, Balaji"]
[WhiteFideId "4194985"]
[BlackFideId "2090759"]
[WhiteElo "2563"]
[BlackElo "2709"]
[Result "1-0"]
[Round "3"]
[TimeControl "180+2"]
[Date "2023.06.20"]
[WhiteClock "0:02:03"]
[BlackClock "0:01:27"]
[Board "4"]

1. e4 c5 2. Nf3 e6 3. d4 cxd4 4. Nxd4 Nf6 5. Nc3 Nc6 6. Nxc6 bxc6 7. e5 Nd5 8. Ne4 Qc7 9. f4 Qb6 10. c4 Ne3 11. Qd3 Nf5 12. Bd2 Qxb2 13. Rb1 Qxa2 14. Kf2 Qa3 15. g4 Bc5+ 16. Nxc5 Qxc5+ 17. Kf3 Ne7 18. Bb4 Qb6 19. Bxe7 1-0


[Site "https://www.chess.com"]

[Event "Titled Tuesday Blitz June 20 Late 2023"]
[White "Liang, Awonder"]
[Black "Mcconnell, Sullivan"]
[WhiteFideId "2056437"]
[BlackFideId "30934885"]
[WhiteElo "2508"]
[BlackElo "2706"]
[Result "1-0"]
[Round "3"]
[TimeControl "180+2"]
[Date "2023.06.20"]
[WhiteClock "0:02:12"]
[BlackClock "0:01:23"]
[Board "5"]

1. Nh3 Nh6 2. Ng5 Ng4 3. Nf3 Nf6 4. Ng1 Ng8 5. a4 a5 6. Nh3 Nh6 7. Ng5 Ng4 8. Nf3 Nf6 9. Ng1 Ng8 10. h3 h6 11. h4 h5 12. Nh3 Nh6 13. Ng5 Ng4 14. Nf3 Nf6 15. Ng1 Ng8 16. Ra2 Ra7 17. Nh3 Nh6 18. Ng5 Ng4 19. Nf3 Nf6 20. Ng1 Ng8 21. Ra3 Ra6 22. Nh3 Nh6 23. Ng5 Ng4 24. Nf3 Nf6 25. Ng1 Ng8 26. d3 d6 27. Nh3 Nh6 28. Ng5 Ng4 29. Nf3 Nf6 30. Ng1 Ng8 31. Ra1 Ra8 32. Nc3 Nc6 33. Nb5 Nb4 34. Na3 Na6 35. Bd2 c6 36. Nb1 Nb8 37. Bc1 e5 38. e4 Be6 39. Nh3 Nd7 40. Ng5 Ngf6 41. Nc3 Bg4 42. f3 Be6 43. Be3 d5 44. Bf2 Bb4 45. Ke2 Qe7 46. Na2 Ng4 47. Nxe6 Qxe6 48. Nxb4 Nxf2 49. Nxd5 cxd5 50. Kxf2 Qb6+ 51. Kg3 Nf6 52. b3 dxe4 53. dxe4 O-O 54. Bc4 Rad8 55. Qe2 Nd7 56. Rad1 Qf6 57. Kf2 Nc5 58. g3 b6 59. Kg2 Qg6 60. Rxd8 Rxd8 61. Rd1 Rd6 62. Rd5 Qh6 63. Qd1 Rf6 64. Qd2 Qg6 65. Qg5 Kh7 66. Qxg6+ Kxg6 67. Rxe5 Rc6 68. Rg5+ Kh6 69. Bxf7 g6 70. Bd5 Rd6 71. Kf2 Na6 72. Re5 Nb4 73. Re6 Rd7 74. c4 Nd3+ 75. Ke3 Nc5 76. Rxb6 1-0


[Site "https://www.chess.com"]

[Event "Titled Tuesday Blitz June 20 Late 2023"]
[White "Makridis, Dimitrios"]
[Black "Kollars, Dmitrij"]
[WhiteFideId "25864475"]
[BlackFideId "12909572"]
[WhiteElo "2277"]
[BlackElo "2584"]
[Result "0-1"]
[Round "3"]
[TimeControl "180+2"]
[Date "2023.06.20"]
[WhiteClock "0:01:03"]
[BlackClock "0:01:31"]
[Board "6"]

1. e4 e5 2. Nf3 Nc6 3. d4 exd4 4. Nxd4 Nf6 5. Nxc6 bxc6 6. e5 Qe7 7. Qe2 Nd5 8. h4 Qe6 9. g3 a5 10. c4 Nb6 11. b3 Bb4+ 12. Bd2 O-O 13. Bh3 Qe7 14. O-O d6 15. Bg2 Bd7 16. Re1 Rfe8 17. f4 dxe5 18. fxe5 Rad8 19. a3 Bc5+ 20. Kh2 a4 21. bxa4 Be6 22. Be3 Bxc4 23. Qf2 Qxe5 24. Bxc5 Qxe1 0-1


[Site "https://www.chess.com"]

[Event "Titled Tuesday Blitz June 20 Late 2023"]
[White "Yoo, Christopher Woojin"]
[Black "Cuenca Jimenez, Jose Fernando"]
[WhiteFideId "30909694"]
[BlackFideId "2255570"]
[WhiteElo "2528"]
[BlackElo "2418"]
[Result "1-0"]
[Round "3"]
[TimeControl "180+2"]
[Date "2023.06.20"]
[WhiteClock "0:00:02"]
[BlackClock "0:00:01"]
[Board "7"]

1. Nf3 Nf6 2. c4 g6 3. Nc3 Bg7 4. e4 d6 5. d4 O-O 6. Be2 Bg4 7. Be3 Nfd7 8. Ng1 Bxe2 9. Ngxe2 c5 10. O-O cxd4 11. Nxd4 Nc6 12. Rc1 Re8 13. b3 Qa5 14. Qd2 a6 15. Rfd1 Rac8 16. Nxc6 Rxc6 17. Nd5 Qxd2 18. Rxd2 Nf6 19. f3 Nxd5 20. exd5 Rc7 21. Rdc2 h5 22. Bb6 Rd7 23. Re2 Bf6 24. Kf1 Rc8 25. Rd1 Kf8 26. f4 Bc3 27. a3 Bf6 28. g3 Re8 29. Kg2 Kg7 30. Kf3 e6 31. dxe6 Rxe6 32. Red2 Bd8 33. Bxd8 Rxd8 34. c5 Kf6 35. cxd6 Rd7 36. h3 Re8 37. g4 hxg4+ 38. hxg4 Rh8 39. Rd3 Rh3+ 40. Ke4 Rxd3 41. Rxd3 Ke6 42. f5+ gxf5+ 43. gxf5+ Kf6 44. Kf4 b5 45. b4 Rd8 46. d7 Ke7 47. Ke5 f6+ 48. Ke4 Kf7 49. Rd4 Ke7 50. Rd1 Kf7 51. Rd6 Ke7 52. Re6+ Kf7 53. Rxa6 Rxd7 54. Rb6 Ra7 55. Rxb5 Rxa3 56. Rb7+ Ke8 57. b5 Kd8 58. b6 Rb3 59. Kd5 Kc8 60. Rc7+ Kd8 61. Rc6 Rb5+ 62. Ke6 Ra5 63. b7 Rb5 64. Rc8# 1-0


[Site "https://www.chess.com"]

[Event "Titled Tuesday Blitz June 20 Late 2023"]
[White "Turayev, Shahruh"]
[Black "Andreikin, Dmitry"]
[WhiteFideId "14003856"]
[BlackFideId "4158814"]
[WhiteElo "2113"]
[BlackElo "2736"]
[Result "1-0"]
[Round "3"]
[TimeControl "180+2"]
[Date "2023.06.20"]
[WhiteClock "0:00:25"]
[BlackClock "0:01:36"]
[Board "8"]

1. e4 c5 2. Nc3 g6 3. d4 Bg7 4. dxc5 Qa5 5. Bd2 Qxc5 6. Nd5 Nf6 7. Bb4 Qc6 8. Bb5 Nxd5 9. Bxc6 Nxb4 10. Ba4 Bxb2 11. Rb1 Bc3+ 12. Kf1 N4c6 13. Ne2 Bg7 14. g3 b6 15. Kg2 Bb7 16. f3 Na6 17. c3 Nc5 18. Bc2 Ne5 19. Nd4 O-O 20. Re1 Rac8 21. f4 Nc4 22. Kg1 Rfd8 23. f5 Ne5 24. fxg6 hxg6 25. Qe2 e6 26. Rbd1 d5 27. exd5 Bxd5 28. Rf1 Bc4 29. Qe3 Bxf1 30. Rxf1 Rc7 31. Qf4 Rcd7 32. Nf3 Nxf3+ 33. Qxf3 Rc7 34. h4 Nd7 35. Qxf7+ Kh8 36. Qxg6 Nf8 37. Rxf8+ Bxf8 38. Qf6+ Rg7 39. Qxd8 Rxg3+ 40. Kh2 Rg8 41. Qf6+ Bg7 42. Qxe6 Rf8 43. Qe4 Kg8 44. Bb3+ Kh8 45. Bc2 Kg8 46. Qg6 Rf6 47. Bb3+ Kf8 48. Qh7 Rh6 49. Qg8+ 1-0


[Site "https://www.chess.com"]

[Event "Titled Tuesday Blitz June 20 Late 2023"]
[White "Van Foreest, Jorden"]
[Black "Volkov, Maksim"]
[WhiteFideId "1039784"]
[BlackFideId "54123070"]
[WhiteElo "2633"]
[BlackElo "2295"]
[Result "1-0"]
[Round "3"]
[TimeControl "180+2"]
[Date "2023.06.20"]
[WhiteClock "0:01:04"]
[BlackClock "0:00:20"]
[Board "9"]

1. e4 e6 2. d4 d5 3. Nc3 Bb4 4. Bd3 c5 5. exd5 exd5 6. dxc5 Nf6 7. Nf3 O-O 8. O-O h6 9. Bf4 Nc6 10. Bd6 Re8 11. Nb5 Ba5 12. c3 a6 13. Nbd4 Bg4 14. h3 Bh5 15. Qa4 Nxd4 16. Nxd4 Bc7 17. Nf5 Bg6 18. Qf4 Bxd6 19. cxd6 Kh7 20. Rfe1 Ne4 21. Bxe4 dxe4 22. Ne7 Rxe7 23. dxe7 Qxe7 24. Rad1 Qe6 25. b3 Rc8 26. c4 b5 27. Rd6 Qe8 28. Rc1 bxc4 29. bxc4 Qa4 30. c5 Qxa2 31. c6 Qa3 32. Rdd1 a5 33. c7 Qe7 34. Qd6 Qg5 35. Rc5 Qh4 36. Qd8 1-0


[Site "https://www.chess.com"]